 Dungeon Crawl Stone Soup version 0.25.0-1-g7eea58d2a3 (webtiles) character file.

Game seed: 3662736623080143624

735 diana the Ducker (level 7, -2/50 HPs)
             Began as an Octopode Fighter on June 14, 2020.
             Slain by an orc
             ... wielding a +0 mace
              (9 damage)
             ... on level 4 of the Dungeon.
             The game lasted 00:04:04 (4202 turns).

diana the Ducker (Octopode Fighter)                 Turns: 4202, Time: 00:04:04

Health: -2/50      AC:  1    Str: 18    XL:     7   Next: 74%
Magic:  7/7        EV: 13    Int: 12    God:
Gold:   151        SH:  0    Dex: 11    Spells: 6/6 levels left

rFire    . . .     SeeInvis .   a - +0 long sword
rCold    . . .     Gourm    .   b - +0 kite shield
rNeg     . . .     Faith    .   (helmet restricted)
rPois    .         Spirit   .   (no amulet)
rElec    .         Reflect  .   (no ring)
rCorr    .         Harm     .   (no ring)
MR       .....                  (no ring)
Stlth    ++........             (no ring)
HPRegen  0.16/turn              (no ring)
MPRegen  0.10/turn              (no ring)
                                (no ring)
                                (no ring)

@: confused, brilliant, flying
A: almost no armour, stealthy swim, amphibious, 8 rings, constrict 8, tentacle
spike 1, camouflage 1, deterioration 1, strong 1, gelatinous body 1
a: no special abilities


You were on level 4 of the Dungeon.
You were not hungry.

You visited 1 branch of the dungeon, and saw 4 of its levels.

You collected 151 gold pieces.

Inventory:

Hand Weapons
 a - a +0 long sword (weapon)
Armour
 b - a +0 kite shield (worn)
Wands
 p - a wand of random effects (28)
Scrolls
 e - 3 scrolls of teleportation {unknown}
 g - a scroll of blinking {unknown}
 h - 2 scrolls of remove curse {unknown}
 i - 5 scrolls of identify {unknown}
 k - a scroll of magic mapping {unknown}
 m - 4 scrolls of enchant armour {unknown}
 q - a scroll of random uselessness {unknown}
 r - 3 scrolls of enchant weapon {unknown}
 t - 3 scrolls of immolation {unknown}
Potions
 j - 2 potions of cancellation
 n - a potion of ambrosia
 o - a potion of stabbing {unknown}
 u - a potion of resistance {unknown}
 v - a potion of might
 w - a potion of haste {unknown}
Comestibles
 c - 6 chunks of flesh
 d - 6 rations


   Skills:
 + Level 5.1 Fighting
 + Level 4.5 Long Blades
 + Level 5.1 Dodging
 + Level 5.0 Shields


You had 6 spell levels left.
You didn't know any spells.
Your spell library contained the following spells:

 Spells                   Type           Power        Failure   Level  Hunger
 Confusing Touch          Hex            #.......     98%         3    None
 Gell's Gravitas          Tloc           #.........   98%         3    None
 Petrify                  Tmut/Erth      #.......     100%        4    None
 Metabolic Englaciation   Hex/Ice        #.........   100%        5    None
 Yara's Violent Unravell  Hex/Tmut       #.........   100%        5    None


Dungeon Overview and Level Annotations

Branches:
Dungeon (4/15)
 Temple: D:4-7

Altars:
Nemelex Xobeh


Innate Abilities, Weirdness & Mutations

You cannot wear most types of armour.
You are very stealthy in the water. (Stealth+)
You are amphibious.
You can wear up to eight rings at the same time.
You can use your tentacles to constrict eight enemies at once.
Your skin changes colour to match your surroundings (Stealth+).
Your rubbery body absorbs attacks. (AC +1, EV +1)
One of your tentacles bears a spike.
Your body sometimes deteriorates upon taking damage.
Your muscles are strong. (Str +2)


Message History

The orc hits you with a +0 mace!
* * * LOW HITPOINT WARNING * * *
Unknown command.
It was a potion of brilliance.
You feel clever all of a sudden.
A quokka skeleton comes into view.
The orc priest hits you with a +0 falchion!
* * * LOW HITPOINT WARNING * * *
It was a potion of flight.
You feel very buoyant.
You fly up into the air.
The orc closely misses you.
The orc priest hits you with a +0 falchion.
* * * LOW HITPOINT WARNING * * *
Unknown command.
It was a potion of mutation.
You feel extremely strange.
You feel yourself wasting away.
One of your lower tentacles grows a sharp spike.
You feel stronger. The orc hits you with a +0 mace!
You die...

#..............#.##.##
#############.............#.##.#
......)..)[...รท...........#.##.#
####...########.#####..........#
#...# #<####......#..... #...#
####........###### #...#
#..<.....# #...# ####........#
##### #o@'........# #o##........#
#o #.......... #. ###..##.### #.
..# .# #. .... ## .###.


You could see an orc priest and 2 orcs.

Vanquished Creatures
  Sigmund (D:4)
  Edmund (D:4)
  A scorpion (D:4)
  3 orc priests
  Jessica (D:2)
  An orc wizard (D:4)
  A worker ant (D:4)
  A hound skeleton (D:4)
  13 adders
  An ooze (D:4)
  4 worms (D:2)
  A dart slug (D:1)
  A leopard gecko (D:4)
  9 orcs
  5 giant cockroaches
  10 hobgoblins
  7 jackals
  9 kobolds
  2 quokkas
  2 ball pythons
  15 bats
  6 frilled lizards
  7 goblins
  12 rats
114 creatures vanquished.

Notes
Turn   | Place    | Note
-------+----------+-------------------------------------------
     0 | D:1      | diana the Octopode Fighter began the quest for the Orb.
     0 | D:1      | Reached XP level 1. HP: 16/16 MP: 1/1
   130 | D:1      | Reached XP level 2. HP: 21/21 MP: 2/2
   531 | D:1      | Reached XP level 3. HP: 26/26 MP: 3/3
  1203 | D:2      | Reached XP level 4. HP: 17/31 MP: 4/4
  1385 | D:2      | Noticed Jessica
  1401 | D:2      | Killed Jessica
  1773 | D:2      | Reached XP level 5. HP: 29/37 MP: 5/5
  2432 | D:3      | Found a sparkling altar of Nemelex Xobeh.
  2909 | D:3      | Reached XP level 6. HP: 35/43 MP: 6/6
  3386 | D:4      | Noticed Sigmund
  3396 | D:4      | Killed Sigmund
  3396 | D:4      | Reached XP level 7. HP: 37/49 MP: 7/7
  3550 | D:4      | Noticed Edmund
  3559 | D:4      | Killed Edmund
  3857 | D:4      | Found a sparkling altar of Nemelex Xobeh.
  3863 | D:4      | Reached skill level 5 in Dodging
  4033 | D:4      | Reached skill level 5 in Fighting
  4038 | D:4      | Reached skill level 5 in Shields
  4200 | D:4      | HP: 1/50 [orc priest/+0 falchion (8)]
  4202 | D:4      | Gained mutation: Your body sometimes deteriorates upon
                  | taking damage. [potion of mutation]
  4202 | D:4      | Gained mutation: One of your tentacles bears a spike.
                  | [potion of mutation]
  4202 | D:4      | Gained mutation: Your muscles are strong. (Str +2) [potion
                  | of mutation]
  4202 | D:4      | Slain by an orc

Illustrated notes

Levels and vault maps discovered:
D:1:      dpeg_arrival_pits, layout_basic, serial_bayou_lagoon_a,
          minmay_heptomino_l4
D:2:      layout_basic, first_ration, uniq_jessica
D:3:      layout_loops_ring, nemelex_xobeh_ov_fountains_minmay
D:4:      layout_basic, nemelex_dance_club_becter, uniq_edmund, uniq_sigmund

Skill      XL: |  1  2  3  4  5  6  7 |
---------------+----------------------+-----
Long Blades    | 3 4 |  4.5
Fighting       | 4 5 |  5.1
Dodging        | 4 5 |  5.1
Shields        | 4 5 |  5.0

Action                   |  1- 3 |  4- 6 |  7- 9 || total
-------------------------+-------+-------+-------++-------
Melee: Long sword        |    65 |   136 |    36 ||   237
       Constrict         |    20 |    36 |     7 ||    63
       Tentacles         |    15 |    26 |     7 ||    48
  Use: Potion            |     1 |     1 |     5 ||     7
 Stab: Sleeping          |     5 |     6 |     2 ||    13
  Eat: Chunk             |       |     8 |     3 ||    11
Armor: Skin              |     5 |    27 |     2 ||    34
Dodge: Dodged            |    32 |    70 |    20 ||   122
Block: Kite shield       |    28 |    69 |    17 ||   114
       Rpst.: Long sword |    11 |    15 |     5 ||    31
